 Dungeon Crawl Stone Soup version 0.26-a0-1102-g347fe5baa7 (webtiles) character file.

Game seed: 15243011853072017973

98613 robertstho the Fighter (level 16, -3/133 HPs)
             Began as a Gnoll Ice Elementalist on Dec 15, 2020.
             Was a High Priest of Sif Muna.
             Killed by a malign offering
             ... invoked by a deep elf high priest
              (27 damage)
             ... on level 2 of the Elven Halls.
             The game lasted 01:07:31 (32762 turns).

robertstho the Fighter (Gnoll Ice Elementalist)    Turns: 32762, Time: 01:07:32

Health: -3/133     AC: 14    Str: 17      XL:     16   Next: 22%
Magic:  14/40      EV: 20    Int: 22 (24) God:    Sif Muna [*****.]
Gold:   2181       SH:  0    Dex: 16      Spells: 8/38 levels left

rFire    + + .     SeeInvis .   t - +9 trident "Killer Klown's Death" {vorpal, *Drain rElec rF+++ rC+}
rCold    + + .     Faith    .   (no shield)
rNeg     . . .     Spirit   .   Q - +0 acid dragon scales
rPois    +         Reflect  .   o - +0 helmet
rElec    +         Harm     .   s - +1 cloak
rCorr    +         Rampage  .   (no gloves)
Will     +....                  U - +0 pair of boots
Stlth    +++++.....             w - amulet of magic regeneration
HPRegen  0.32/turn              c - ring of Ufoschiug {Ice rPois Str+6}
MPRegen  0.52/turn              S - ring of magical power

@: frozen ramparts, studying Fighting
A: distributed training, fangs 1, strong nose
a: Channel Magic, Forget Spell, Divine Exegesis, Renounce Religion


You were on level 2 of the Elven Halls.
You worshipped Sif Muna.
Sif Muna was extremely pleased with you.
You visited 5 branches of the dungeon, and saw 23 of its levels.
You also visited: Ice Cave.

You collected 2181 gold pieces.

Inventory:

Hand Weapons
 n - a +1 longbow of flaming
 q - the +6 halberd of a bailey {holy, Stlth+}
   (You took it off an orc on level 8 of the Dungeon)

   It has been blessed by the Shining One to cause great damage to the undead
   and demons.
   It makes you more stealthy.
 t - the +9 trident "Killer Klown's Death" (weapon) {vorpal, *Drain rElec rF+++ rC+}
   (You found it on level 5 of the Lair of Beasts)

   It inflicts extra damage upon your enemies.
   It renders you almost immune to fire.
   It protects you from cold.
   It insulates you from electricity.
   It causes draining when unequipped.
 u - the +4 halberd "Tusas" {protect, rElec rPois rN+ Str+2}
   (You took it off an orc on level 8 of the Dungeon)

   It grants its wielder temporary protection when it strikes (+7 to AC).
   It affects your strength (+2).
   It insulates you from electricity.
   It protects you from poison.
   It protects you from negative energy.
 v - a +8 scythe of flaming
 G - the +11 demon whip of Misery {flame, +Fly rC+ rN+ Will+}
   (You found it on level 1 of the Elven Halls)

   It has been specially enchanted to burn those struck by it, causing extra
   injury to most foes and up to half again as much damage against particularly
   susceptible opponents.
   It protects you from cold.
   It protects you from negative energy.
   It affects your willpower, your defense against some magical effects.
   It lets you fly.
 M - a +7 hand axe of flaming
Missiles
 h - 6 curare-tipped darts
 l - 57 stones
 p - 549 arrows
 z - 22 bolts
 B - 4 silver boomerangs
 E - 35 boomerangs
 Y - 2 throwing nets
Armour
 o - a +0 helmet (worn)
 s - a +1 cloak (worn)
 A - a +0 robe of willpower
 Q - +0 acid dragon scales (worn)
 U - a +0 pair of boots (worn)
Jewellery
 b - an uncursed amulet of the acrobat
 c - the ring of Ufoschiug (left hand) {Ice rPois Str+6}
   (You acquired it on level 8 of the Dungeon)

   [ring of ice]

   It enhances your ice magic.
   It affects your strength (+6).
   It makes you vulnerable to fire.
   It protects you from cold.
   It protects you from poison.
 w - an amulet of magic regeneration (around neck)
 K - an uncursed ring of willpower
 S - a ring of magical power (right hand)
Wands
 D - a wand of iceblast (10)
 I - a wand of polymorph (5)
 N - a wand of acid (7)
Scrolls
 a - a scroll of enchant armour
 d - 4 scrolls of blinking
 f - 5 scrolls of teleportation
 i - 2 scrolls of fog
 j - 7 scrolls of remove curse
 m - a scroll of silence
 y - 5 scrolls of fear
 O - 3 scrolls of enchant weapon
 P - a scroll of magic mapping {unknown}
 T - 8 scrolls of identify
Potions
 e - 3 potions of curing
 g - 10 potions of flight
 k - 2 potions of resistance
 r - 5 potions of brilliance
 C - 4 potions of ambrosia
 F - a potion of might
 H - 2 potions of invisibility
 J - 2 potions of cancellation
 L - 2 potions of haste
 R - a potion of mutation
Books
 x - a manual of Fighting


   Skills:
 + Level 14.2 Fighting
 + Level 10.6 Short Blades
 + Level 10.6 Long Blades
 + Level 10.6 Axes
 + Level 10.6 Maces & Flails
 + Level 10.6 Polearms
 + Level 10.6 Staves
 + Level 10.6 Slings
 + Level 10.6 Bows
 + Level 10.6 Crossbows
 + Level 10.6 Throwing
 + Level 10.6 Armour
 + Level 11.5 Dodging
 + Level 11.3 Stealth
 + Level 10.6 Shields
 + Level 10.6 Unarmed Combat
 + Level 11.6 Spellcasting
 + Level 9.0 Conjurations
 + Level 9.0 Hexes
 + Level 9.0 Summonings
 + Level 9.0 Necromancy
 + Level 9.0 Translocations
 + Level 9.0 Transmutations
 + Level 9.0 Fire Magic
 + Level 11.3 Ice Magic
 + Level 9.0 Air Magic
 + Level 9.0 Earth Magic
 + Level 9.0 Poison Magic
 + Level 11.5 Invocations
 + Level 10.6 Evocations


You had 8 spell levels left.
You knew the following spells:

 Your Spells              Type           Power        Failure   Level
a - Freeze                Ice            ####         1%          1
b - Frozen Ramparts       Ice            ######       1%          3
c - Ozocubu's Armour      Ice            #######.     1%          3
d - Hailstorm             Conj/Ice       ######..     1%          4
e - Summon Ice Beast      Ice/Summ       ######..     1%          4
f - Apportation           Tloc           ######       1%          1
g - Swiftness             Air            ######..     1%          2
h - Airstrike             Air            ######....   1%          4
i - Fulminant Prism       Conj/Hex       ######....   1%          4
j - Iskenderun's Mystic   Conj/Tloc      ######..     1%          4

Your spell library contained the following spells:

 Spells                   Type           Power        Failure   Level
 Animate Skeleton         Necr           ######       1%          1
 Beastly Appendage        Tmut           ######       1%          1
 Corona                   Hex            ######.      1%          1
 Magic Dart               Conj           ####         1%          1
 Pain                     Necr           ####         1%          1
 Sandblast                Erth           ######       1%          1
 Shock                    Conj/Air       ####         1%          1
 Sting                    Tmut/Pois      ####         1%          1
 Summon Small Mammal      Summ           ####         1%          1
 Call Imp                 Summ           ######..     1%          2
 Ensorcelled Hibernation  Hex/Ice        ######       1%          2
 Passwall                 Tmut/Erth      ######..     1%          2
 Poisonous Vapours        Pois/Air       ######       1%          2
 Searing Ray              Conj           ######       1%          2
 Wereblood                Tmut           ######..     1%          2
 Confusing Touch          Hex            ######..     1%          3
 Dazzling Flash           Conj/Hex       ######       1%          3
 Gell's Gravitas          Tloc           ######....   1%          3
 Ignite Poison            Fire/Tmut/Pois ######..     1%          3
 Mephitic Cloud           Conj/Pois/Air  ######..     1%          3
 Spider Form              Tmut/Pois      ######....   1%          3
 Static Discharge         Conj/Air       ######..     1%          3
 Stone Arrow              Conj/Erth      ######       1%          3
 Tukima's Dance           Hex            ######..     1%          3
 Dispel Undead            Necr           ######..     1%          4
 Ice Form                 Ice/Tmut       ######..     1%          4
 Passage of Golubria      Tloc           N/A          1%          4
 Petrify                  Tmut/Erth      ######..     1%          4
 Sticky Flame             Conj/Fire      ######..     1%          4
 Agony                    Necr           ######..     4%          5
 Alistair's Intoxication  Tmut/Pois      ######...    4%          5
 Blade Hands              Tmut           ######....   4%          5
 Bolt of Magma            Conj/Fire/Erth ######....   4%          5
 Fireball                 Conj/Fire      ######....   4%          5
 Irradiate                Conj/Tmut      ######....   4%          5
 Lee's Rapid Deconstruct  Erth           ######....   4%          5
 Lightning Bolt           Conj/Air       ######....   4%          5
 Yara's Violent Unravell  Hex/Tmut       ######....   4%          5
 Freezing Cloud           Conj/Ice/Air   ######....   19%         6
 Death Channel            Necr           ######....   24%         6
 Hydra Form               Tmut           ######....   24%         6
 Iron Shot                Conj/Erth      ######....   24%         6
 Statue Form              Tmut/Erth      ######...    24%         6
 Dragon Form              Tmut           ######....   80%         7
 Haunt                    Necr/Summ      ######....   80%         7
 Malign Gateway           Summ/Tloc      ######....   80%         7
 Orb of Destruction       Conj           ######....   80%         7
 Summon Hydra             Summ           ######....   80%         7
 Chain Lightning          Conj/Air       ######....   100%        8
 Disjunction              Tloc           ######....   100%        8
 Necromutation            Tmut/Necr      ######....   100%        8
 Dragon's Call            Summ           ######....   100%        9


Dungeon Overview and Level Annotations

Branches:
Dungeon (12/15)            Temple (1/1) D:6            Lair (6/6) D:9
 Shoals (0/4) Lair:2       Spider (0/4) Lair:2        Slime (0/5) Lair:6
    Orc (2/2) D:12            Elf (2/3) Orc:2         IceCv (visited)

Altars:
Ashenzari
Cheibriados
Dithmenos
Elyvilon
Fedhas
Gozag
Hepliaklqana
Kikubaaqudgha
Makhleb
Nemelex Xobeh
Okawaru
Qazlal
Ru
Sif Muna
Trog
Uskayaw
Vehumet
Wu Jian
Xom
Yredelemnul
Zin
The Shining One
Beogh
Jiyva

Shops:
D:8 (   Orc:2 [**(*

Portals:
Trove: D:10 (give +3 ice dragon scales)

Annotations:
D:8 Need digging, great vault


Innate Abilities, Weirdness & Mutations

Your experience applies equally to all skills.
You have very sharp teeth.
Your uncanny sense of smell can sniff out nearby items.


Message History

Casting: Hailstorm (mildly dangerous; 1% risk of failure)
Confirm with . or Enter, or press ? or * to list all spells.
Casting: Frozen Ramparts (safe; 1% risk of failure)
Press: ? - help, Dir - look around You feel a surge of power!
The walls around you are covered in ice.
The wall freezes the deep elf high priest!
The deep elf high priest mumbles some strange prayers to its god against you.
The sphere of damnation explodes!
The damnation engulfs you!!!
* * * LOW HITPOINT WARNING * * *
You hear a shout! x2
You feel better.
The crawling corpse resists.
The wall freezes the crawling corpse.
Two crawling corpses merge to form a small abomination.
The crawling corpse completely resists.
The wall freezes the crawling corpse but do no damage.
The wall freezes the deep elf high priest!
The deep elf high priest utters a dark prayer and points at you.
Your life force is offered up.
You die...

#.....)...e.#
##...........#
#........(..{#
##...........(###
###.............#.###..
##.......###..##..#....#
#............$........#
#........######e##....#
#.....(..(x@))e..###..
#.....).###..#.### .
##...<)###..x..#
#...)))##.....#
#.....#.#.....#
###############


You could see a deep elf high priest, a deep elf mage, a small abomination and a
crawling corpse.

Vanquished Creatures
  Jorgrun (D:12)
  Rupert (D:12)
  A deep elf sorcerer (Elf:1)
  Aizul (Elf:1)
  A stone giant (Orc:2)
  Nessos (D:12)
  2 deep elf death magi
  A deep elf high priest (Elf:1)
  3 hydras
  Erica (Lair:2)
  2 two-headed ogres (D:12)
  A centaur warrior (D:12)
  8 dancing weapons
  6 orc high priests (Orc:2)
  5 deep elf knights
  An unseen horror (D:10)
  An orange crystal statue (Elf:2)
  6 deep elf archers
  21 deep elf magi
  2 ugly things (D:12)
  A manticore (Lair:2)
  An orc sorcerer (Orc:1)
  2 cyclopes
  Maurice (D:10)
  10 elephants
  4 black mambas
  21 cane toads
  Maggie (Lair:1)
  A rime drake (Lair:1)
  A kobold demonologist (D:8)
  12 komodo dragons
  A hornet (D:11)
  6 trolls
  A wind drake (Lair:2)
  Prince Ribbit (D:7)
  3 tyrant leeches (Lair:6)
  6 dream sheep (Lair:6)
  35 blink frogs
  An air elemental (Elf:1)
  Sigmund (D:3)
  8 redbacks (D:12)
  2 wraiths
  48 yaks
  4 water elementals
  3 wyverns
  A basilisk (Lair:2)
  A fire elemental (Elf:2)
  5 vampire mosquitoes (Lair:6)
  9 wargs (Orc:2)
  11 water moccasins
  2 black bears
  22 orc warriors
  10 ice beasts
  4 sky beasts
  14 ogres
  2 necrophages
  11 wolves
  9 centaurs
  10 big kobolds
  22 bullfrogs
  2 gnoll sergeants (D:12)
  Blork the orc (D:4)
  2 earth elementals
  A water moccasin skeleton (D:5)
  9 scorpions
  4 howler monkeys
  13 wights
  4 centaur zombies
  A bullfrog skeleton (D:11)
  32 orc priests
  3 hounds
  3 jellies
  26 orc wizards
  6 centaur skeletons
  Crazy Yiuf (D:2)
  Natasha (twice) (D:2 D:3)
  3 iguanas
  10 worker ants
  11 hell rats
  A worker ant zombie (D:10)
  14 gnolls
  15 adders
  3 white imps
  4 ufetubi
  2 oozes
  3 adder skeletons
  6 worms
  2 dart slugs
  9 leopard geckos
  94 orcs
  2 ball pythons
  10 giant cockroaches
  5 goblins
  10 hobgoblins
  10 jackals
  49 kobolds
  9 quokkas
  6 bats
  4 frilled lizards
  A jackal skeleton (D:4)
  6 kobold skeletons (D:8)
  12 kobold zombies (D:8)
  5 leopard gecko skeletons
  8 rats
798 creatures vanquished.

Vanquished Creatures (collateral kills)
  2 hydras (Lair:6)
  3 two-headed ogres
  2 ugly things
  4 cane toads (Lair:6)
  A komodo dragon (Lair:6)
  A rime drake (IceCv)
  A troll (Orc:1)
  2 slime creatures (D:12)
  A tyrant leech (Lair:6)
  6 blink frogs
  5 yaks (Lair:6)
  A vampire mosquito (Lair:6)
  A black bear (D:11)
  3 ice beasts (IceCv)
  An eye of draining (D:12)
  3 wolves
  An ogre (Orc:1)
  2 bullfrogs (Lair:6)
  An electric eel (Lair:6)
  A bullfrog zombie (D:12)
  2 orc priests
  An orc wizard (Orc:1)
  An iguana (D:12)
  An adder (D:7)
  2 shadow imps (D:8)
  2 orcs
51 creatures vanquished.

Vanquished Creatures (others)
  2 deep elf knights
  3 bushes (Lair:6)
  A fulminant prism (D:12)
  55 fungi
  131 plants
192 creatures vanquished.

Grand Total: 1041 creatures vanquished

Notes
Turn   | Place    | Note
-------+----------+-------------------------------------------
     0 | D:1      | robertstho the Gnoll Ice Elementalist began the quest for
                  | the Orb.
     0 | D:1      | Reached XP level 1. HP: 13/13 MP: 6/6
     6 | D:1      | Found a snail-covered altar of Cheibriados.
   158 | D:1      | Reached XP level 2. HP: 9/19 MP: 2/7
  1027 | D:2      | Reached skill level 5 in Spellcasting
  1027 | D:2      | Reached XP level 3. HP: 3/25 MP: 4/9
  1033 | D:2      | HP: 1/25 [poisoned by an adder]
  1083 | D:1      | Learned a level 3 spell: Frozen Ramparts
  1087 | D:1      | Learned a level 3 spell: Ozocubu's Armour
  1348 | D:2      | Reached skill level 1 in Invocations
  1355 | D:2      | Reached skill level 1 in Fighting
  1355 | D:2      | Reached skill level 1 in Short Blades
  1355 | D:2      | Reached skill level 1 in Long Blades
  1355 | D:2      | Reached skill level 1 in Axes
  1355 | D:2      | Reached skill level 1 in Maces & Flails
  1355 | D:2      | Reached skill level 1 in Polearms
  1355 | D:2      | Reached skill level 1 in Staves
  1355 | D:2      | Reached skill level 1 in Slings
  1355 | D:2      | Reached skill level 1 in Bows
  1355 | D:2      | Reached skill level 1 in Crossbows
  1355 | D:2      | Reached skill level 1 in Throwing
  1355 | D:2      | Reached skill level 1 in Armour
  1355 | D:2      | Reached skill level 1 in Shields
  1355 | D:2      | Reached skill level 1 in Unarmed Combat
  1355 | D:2      | Reached skill level 1 in Evocations
  1591 | D:2      | Noticed an ogre
  1602 | D:2      | Reached XP level 4. HP: 32/32 MP: 7/11
  1603 | D:2      | Killed an ogre
  1604 | D:2      | Reached skill level 1 in Conjurations
  1604 | D:2      | Reached skill level 1 in Hexes
  1604 | D:2      | Reached skill level 1 in Summonings
  1604 | D:2      | Reached skill level 1 in Necromancy
  1604 | D:2      | Reached skill level 1 in Translocations
  1604 | D:2      | Reached skill level 1 in Transmutations
  1604 | D:2      | Reached skill level 1 in Fire Magic
  1604 | D:2      | Reached skill level 1 in Air Magic
  1604 | D:2      | Reached skill level 1 in Earth Magic
  1604 | D:2      | Reached skill level 1 in Poison Magic
  1604 | D:2      | Reached XP level 5. HP: 37/37 MP: 6/12
  1926 | D:2      | Noticed Natasha
  1940 | D:2      | Killed Natasha
  2602 | D:2      | Noticed Natasha
  2698 | D:2      | Found a runed translucent door.
  2699 | D:2      | Noticed Crazy Yiuf
  2710 | D:2      | Killed Crazy Yiuf
  2875 | D:3      | Learned a level 4 spell: Hailstorm
  3004 | D:3      | Reached XP level 6. HP: 37/44 MP: 9/13
  3008 | D:3      | Killed Natasha
  3014 | D:3      | Learned a level 4 spell: Summon Ice Beast
  3165 | D:3      | Noticed Sigmund
  3173 | D:3      | Killed Sigmund
  3174 | D:3      | Reached skill level 2 in Fighting
  3174 | D:3      | Reached skill level 5 in Dodging
  3388 | D:4      | Reached XP level 7. HP: 49/50 MP: 15/15
  3459 | D:4      | Reached skill level 5 in Stealth
  3661 | D:4      | Found a white marble altar of Elyvilon.
  3787 | D:4      | Reached skill level 3 in Fighting
  3962 | D:4      | Reached XP level 8. HP: 55/58 MP: 13/16
  4487 | D:4      | Noticed Blork the orc
  4501 | D:4      | Killed Blork the orc
  4617 | D:5      | Entered Level 5 of the Dungeon
  4912 | D:5      | Reached skill level 4 in Fighting
  5470 | D:6      | Found a staircase to the Ecumenical Temple.
  5485 | Temple   | Entered the Ecumenical Temple
  5758 | Temple   | Became a worshipper of Sif Muna the Loreminder
  6156 | D:6      | Found a glowing golden altar of the Shining One.
  6167 | D:6      | Found a stormy altar of Qazlal.
  6172 | D:6      | Found a blossoming altar of Fedhas.
  6466 | D:6      | Reached XP level 9. HP: 66/66 MP: 18/18
  6799 | D:7      | Reached skill level 5 in Fighting
  7045 | D:7      | Reached * piety under Sif Muna
  7313 | D:7      | Noticed Prince Ribbit
  7330 | D:7      | Killed Prince Ribbit
  8505 | D:8      | Noticed a centaur warrior
  8505 | D:8      | Noticed a two-headed ogre
  8514 | D:8      | Noticed a troll
  8515 | D:8      | Noticed a white ugly thing
  8532 | D:8      | Identified a scroll of acquirement
  8532 | D:8      | Acquired the ring of Ufoschiug {Ice rPois Str+6}
  8621 | D:8      | Identified the +6 halberd of a bailey {holy, Stlth+}
  8633 | D:8      | Identified the +4 halberd "Tusas" {protect, rElec rPois rN+
                  | Str+2}
  8797 | D:8      | Reached skill level 5 in Invocations
  8805 | D:8      | Reached skill level 6 in Fighting
  9146 | D:8      | Reached XP level 10. HP: 66/77 MP: 3/20
  9154 | D:8      | Found an ancient bone altar of Kikubaaqudgha.
  9154 | D:8      | Noticed a kobold demonologist
  9211 | D:8      | Noticed a rust devil
  9211 | D:8      | Killed a kobold demonologist
  9211 | D:8      | Reached ** piety under Sif Muna
  9212 | D:8      | Reached skill level 5 in Short Blades
  9212 | D:8      | Reached skill level 5 in Long Blades
  9212 | D:8      | Reached skill level 5 in Axes
  9212 | D:8      | Reached skill level 5 in Maces & Flails
  9212 | D:8      | Reached skill level 5 in Polearms
  9212 | D:8      | Reached skill level 5 in Staves
  9212 | D:8      | Reached skill level 5 in Slings
  9212 | D:8      | Reached skill level 5 in Bows
  9212 | D:8      | Reached skill level 5 in Crossbows
  9212 | D:8      | Reached skill level 5 in Throwing
  9212 | D:8      | Reached skill level 5 in Armour
  9212 | D:8      | Reached skill level 5 in Shields
  9212 | D:8      | Reached skill level 5 in Unarmed Combat
  9212 | D:8      | Reached skill level 5 in Evocations
  9863 | D:8      | Found Qumaph's Weapon Emporium.
 10322 | D:9      | Reached skill level 7 in Fighting
 10659 | D:9      | Reached *** piety under Sif Muna
 10765 | D:9      | Found a staircase to the Lair.
 11437 | D:10     | Entered Level 10 of the Dungeon
 11530 | D:10     | Noticed Maurice
 11545 | D:10     | Killed Maurice
 11599 | D:10     | Reached XP level 11. HP: 83/86 MP: 22/22
 11604 | D:10     | Reached skill level 8 in Fighting
 11926 | D:10     | Killed an unseen horror
 11927 | D:10     | Reached skill level 5 in Conjurations
 11927 | D:10     | Reached skill level 5 in Hexes
 11927 | D:10     | Reached skill level 5 in Summonings
 11927 | D:10     | Reached skill level 5 in Necromancy
 11927 | D:10     | Reached skill level 5 in Translocations
 11927 | D:10     | Reached skill level 5 in Transmutations
 11927 | D:10     | Reached skill level 5 in Fire Magic
 11927 | D:10     | Reached skill level 5 in Air Magic
 11927 | D:10     | Reached skill level 5 in Earth Magic
 11927 | D:10     | Reached skill level 5 in Poison Magic
 12027 | D:10     | Found a portal to a secret trove of treasure.
 12559 | D:11     | Noticed a two-headed ogre
 12569 | D:11     | Killed a two-headed ogre
 12573 | D:11     | Noticed a green ugly thing
 12581 | D:11     | Killed a green ugly thing
 13263 | D:11     | Reached **** piety under Sif Muna
 13361 | D:11     | Reached skill level 9 in Fighting
 13759 | Lair:1   | Entered Level 1 of the Lair of Beasts
 13761 | Lair:1   | Found a frozen archway.
 13770 | IceCv    | Entered an ice cave
 14544 | Lair:1   | Noticed Maggie
 14558 | Lair:1   | Reached XP level 12. HP: 65/96 MP: 13/24
 14563 | Lair:1   | Killed Maggie
 16210 | Lair:2   | Reached skill level 10 in Fighting
 16349 | Lair:2   | Found a hole to the Spider Nest.
 16637 | Lair:2   | Noticed Erica
 16646 | Lair:2   | Killed Erica
 17079 | Lair:2   | Found a staircase to the Shoals.
 17974 | Lair:3   | Reached ***** piety under Sif Muna
 17993 | Lair:3   | Identified Sif Muna's Disquisition on Twisted Attacks (Sif
                  | Muna gifted it to you on level 3 of the Lair of Beasts)
 17993 | Lair:3   | Received a gift from Sif Muna
 18049 | Lair:3   | Reached XP level 13. HP: 67/104 MP: 26/26
 19786 | Lair:4   | Reached skill level 11 in Fighting
 20106 | Lair:4   | Reached skill level 10 in Ice Magic
 21204 | Lair:5   | Reached skill level 10 in Spellcasting
 21212 | Lair:5   | Identified Sif Muna's Almanac of Transformation and
                  | Sinister Rites (Sif Muna gifted it to you on level 5 of the
                  | Lair of Beasts)
 21212 | Lair:5   | Received a gift from Sif Muna
 21792 | Lair:6   | Entered Level 6 of the Lair of Beasts
 21902 | Lair:6   | Reached XP level 14. HP: 81/114 MP: 28/28
 21916 | Lair:6   | Reached skill level 10 in Dodging
 22014 | Lair:6   | Reached skill level 12 in Fighting
 22144 | Lair:6   | Reached skill level 10 in Stealth
 22522 | Lair:6   | Reached skill level 10 in Invocations
 23234 | Lair:6   | Found a staircase to the Slime Pits.
 23237 | Lair:6   | Found a viscous altar of Jiyva.
 23429 | Lair:6   | Learned a level 1 spell: Apportation
 23432 | Lair:6   | Learned a level 2 spell: Swiftness
 23437 | Lair:6   | Learned a level 4 spell: Airstrike
 23442 | Lair:6   | Learned a level 4 spell: Fulminant Prism
 23447 | Lair:6   | Learned a level 4 spell: Iskenderun's Mystic Blast
 23673 | D:12     | Identified Sif Muna's Compendium of Confrontation and
                  | Transmutation (Sif Muna gifted it to you on level 12 of the
                  | Dungeon)
 23673 | D:12     | Received a gift from Sif Muna
 23930 | D:12     | Found a staircase to the Orcish Mines.
 24152 | D:12     | Noticed Nessos
 24653 | D:12     | Noticed Rupert
 24676 | D:12     | Killed Rupert
 25215 | D:12     | Killed Nessos
 25490 | D:12     | Noticed Jorgrun
 25923 | Orc:1    | Entered Level 1 of the Orcish Mines
 25946 | Orc:1    | Reached skill level 13 in Fighting
 25946 | Orc:1    | Reached XP level 15. HP: 93/123 MP: 20/29
 26126 | Orc:2    | Entered Level 2 of the Orcish Mines
 26153 | Orc:2    | Identified Sif Muna's Papyrus of Unstable Damage Dealing
                  | (Sif Muna gifted it to you on level 2 of the Orcish Mines)
 26153 | Orc:2    | Received a gift from Sif Muna
 26861 | Orc:2    | Found Ciyr's Antique Armour Shoppe.
 26861 | Orc:2    | Found Wuweokhli's General Store.
 26866 | Orc:2    | Identified Sif Muna's Guide on Venomous Transmigration (Sif
                  | Muna gifted it to you on level 2 of the Orcish Mines)
 26866 | Orc:2    | Received a gift from Sif Muna
 27000 | Orc:2    | Found a roughly hewn altar of Beogh.
 27088 | Orc:2    | Identified the +8 whip of the Dwarven Hall {vorpal, Str+4
                  | Int+4 Dex+4}
 27518 | Orc:2    | Found a staircase to the Elven Halls.
 27523 | Orc:2    | Found Dazesmyff's Desiderata Depot.
 27560 | Orc:2    | Found a burning altar of Makhleb.
 27847 | Orc:2    | Found Ziafeaxt's Assorted Antiques.
 27847 | Orc:2    | Found Nabidol's Weapon Boutique.
 28108 | D:12     | Killed Jorgrun
 28109 | D:12     | Reached skill level 10 in Short Blades
 28109 | D:12     | Reached skill level 10 in Long Blades
 28109 | D:12     | Reached skill level 10 in Axes
 28109 | D:12     | Reached skill level 10 in Maces & Flails
 28109 | D:12     | Reached skill level 10 in Polearms
 28109 | D:12     | Reached skill level 10 in Staves
 28109 | D:12     | Reached skill level 10 in Slings
 28109 | D:12     | Reached skill level 10 in Bows
 28109 | D:12     | Reached skill level 10 in Crossbows
 28109 | D:12     | Reached skill level 10 in Throwing
 28109 | D:12     | Reached skill level 10 in Armour
 28109 | D:12     | Reached skill level 10 in Shields
 28109 | D:12     | Reached skill level 10 in Unarmed Combat
 28109 | D:12     | Reached skill level 10 in Evocations
 28840 | Lair:5   | Got an ancient trident
 28841 | Lair:5   | Identified the +9 trident "Killer Klown's Death" {vorpal,
                  | *Drain rElec rF+++ rC+} (You found it on level 5 of the
                  | Lair of Beasts)
 29460 | Orc:1    | Identified Sif Muna's Disquisition on Translocation and
                  | Summoning (Sif Muna gifted it to you on level 1 of the
                  | Orcish Mines)
 29460 | Orc:1    | Received a gift from Sif Muna
 29601 | Elf:1    | Entered Level 1 of the Elven Halls
 29609 | Elf:1    | Got a steaming demon whip
 29610 | Elf:1    | Identified the +11 demon whip of Misery {flame, +Fly rC+
                  | rN+ Will+} (You found it on level 1 of the Elven Halls)
 30250 | Elf:1    | Noticed Aizul
 30276 | Elf:1    | Killed Aizul
 32031 | Elf:1    | Noticed a deep elf sorcerer
 32047 | Elf:1    | Killed a deep elf sorcerer
 32048 | Elf:1    | Reached skill level 14 in Fighting
 32048 | Elf:1    | Reached XP level 16. HP: 118/133 MP: 27/31
 32201 | Elf:2    | HP: 1/133 [deep elf mage/bolt of magma (25)]
 32762 | Elf:2    | Killed from afar by a deep elf high priest

Illustrated notes

Levels and vault maps discovered:
D:1:      minmay_arrival_three_doors, layout_loops_cross,
          hangedman_decor_diamond_cutter, cheibriados_altar_1
D:2:      layout_basic, uniq_natasha, uniq_crazy_yiuf_cottage
D:3:      layout_basic, uniq_sigmund
D:4:      minmay_octagon_keep, layout_loops_ring, old_standard_altar,
          minmay_manual_mess, uniq_blork_the_orc
D:5:      layout_cave_pools, minmay_checkerbox
D:6:      layout_basic, minmay_overflow_temple_star_quad,
          minmay_temple_entry_nine_rooms
D:7:      layout_loops_ring, uniq_prince_ribbit1
D:8:      wander_kiku_kobolds, layout_loops_corners, enter_bailey_2,
          serial_shops, nicolae_shop_behind_doors, minivault_12
D:9:      layout_irregular_city, grunt_lair_entry_orc_guard_hut
D:10:     layout_rooms, nicolae_trove_entry_crystal, kennysheep_generic_room_13,
          uniq_maurice
D:11:     layout_loops_ring
D:12:     layout_loops_corners, kennysheep_orc_monster_closet_entryway,
          drop_trap, uniq_rupert, uniq_jorgrun, uniq_nessos
Temple:   dpeg_five_rooms_temple
Lair:1:   layout_hall_layers, portal_ice_cave_entry_pillars_1,
          grunt_megastairs_3, uniq_maggie
Lair:2:   layout_regular_city, minmay_shoals_entry_beasts,
          nicolae_spider_entry_non_spiders, uniq_erica
Lair:3:   layout_small_grid
Lair:4:   layout_misc_corridors, nicolae_quartered_pool_little,
          lemuel_fruit_tree
Lair:5:   layout_misc_corridors, minivault_23, grunt_megastairs_2
Lair:6:   minmay_lair_end_frog_pond, layout_loops_ring, slime_altar_1,
          hangedman_lair_unloving_vines
Orc:1:    layout_diamond_mine
Orc:2:    st_orc_town, layout_caves, nicolae_orc_stony_grotto,
          nicolae_alphabet_shops, bloody_makhleb
Elf:1:    layout_loops_ring, hangedman_elf_represent, moated_statue,
          solitary_fountain, minmay_misc_feat_ornament, uniq_aizul
Elf:2:    layout_rooms, minivault_16, minivault_19

Skill      XL: |  1  2  3  4  5  6  7  8  9 10 11 12 13 14 15 16 |
---------------+-------------------------------------------------+-----
Spellcasting   | 5 6 7 8 9 10 11 | 11.6
Invocations    | 1 2 3 4 5 6 7 8 9 10 11 | 11.5
Fighting       | 1 2 3 4 6 7 9 10 11 13 14 | 14.2
Short Blades   | 1 2 3 4 5 6 7 8 9 10 | 10.6
Long Blades    | 1 2 3 4 5 6 7 8 9 10 | 10.6
Axes           | 1 2 3 4 5 6 7 8 9 10 | 10.6
Maces & Flails | 1 2 3 4 5 6 7 8 9 10 | 10.6
Polearms       | 1 2 3 4 5 6 7 8 9 10 | 10.6
Staves         | 1 2 3 4 5 6 7 8 9 10 | 10.6
Slings         | 1 2 3 4 5 6 7 8 9 10 | 10.6
Bows           | 1 2 3 4 5 6 7 8 9 10 | 10.6
Crossbows      | 1 2 3 4 5 6 7 8 9 10 | 10.6
Throwing       | 1 2 3 4 5 6 7 8 9 10 | 10.6
Armour         | 1 2 3 4 5 6 7 8 9 10 | 10.6
Shields        | 1 2 3 4 5 6 7 8 9 10 | 10.6
Unarmed Combat | 1 2 3 4 5 6 7 8 9 10 | 10.6
Evocations     | 1 2 3 4 5 6 7 8 9 10 | 10.6
Conjurations   | 1 2 3 4 5 6 7 8 9 |  9.0
Hexes          | 1 2 3 4 5 6 7 8 9 |  9.0
Summonings     | 1 2 3 4 5 6 7 8 9 |  9.0
Necromancy     | 1 2 3 4 5 6 7 8 9 |  9.0
Translocations | 1 2 3 4 5 6 7 8 9 |  9.0
Transmutations | 1 2 3 4 5 6 7 8 9 |  9.0
Fire Magic     | 1 2 3 4 5 6 7 8 9 |  9.0
Air Magic      | 1 2 3 4 5 6 7 8 9 |  9.0
Earth Magic    | 1 2 3 4 5 6 7 8 9 |  9.0
Poison Magic   | 1 2 3 4 5 6 7 8 9 |  9.0
Dodging        | 5 6 7 8 9 10 11 | 11.5
Stealth        | 5 6 7 8 9 10 11 | 11.3
Ice Magic      | 8 9 10 11 | 11.3

Action                   |  1- 3 |  4- 6 |  7- 9 | 10-12 | 13-15 | 16-18 || total
-------------------------+-------+-------+-------+-------+-------+-------++-------
Melee: Spear             |    64 |    24 |       |       |       |       ||    88
       Bite              |     1 |     2 |    14 |    50 |    60 |     3 ||   130
       Quarterstaff      |       |    18 |       |       |       |       ||    18
       Scythe            |       |     6 |   145 |       |   130 |       ||   281
       Halberd           |       |       |    39 |   552 |   355 |       ||   946
       Trident           |       |       |       |       |   104 |    19 ||   123
       Punch             |       |       |       |       |     5 |     2 ||     7
 Cast: Freeze            |    11 |    10 |       |     3 |     7 |       ||    31
       Frozen Ramparts   |     4 |     8 |    29 |    41 |    89 |     8 ||   179
       Hailstorm         |       |       |    14 |    15 |   108 |    23 ||   160
       Summon Ice Beast  |       |       |     4 |    23 |    58 |     5 ||    90
       Iskenderun's Myst |       |       |       |       |     4 |     2 ||     6
       Swiftness         |       |       |       |       |     1 |       ||     1
       Fulminant Prism   |       |       |       |       |     1 |       ||     1
       Airstrike         |       |       |       |       |     6 |     8 ||    14
Invok: Channel Magic     |       |       |       |     2 |     1 |     2 ||     5
  Use: Potion            |     3 |       |       |     6 |     4 |     4 ||    17
       Scroll            |       |       |    20 |     8 |     6 |       ||    34
 Stab: Sleeping          |     8 |     6 |    19 |    23 |    11 |       ||    67
       Distracted        |       |       |     2 |     5 |     5 |       ||    12
Armor: Robe              |     9 |     2 |     7 |   137 |    25 |       ||   180
       Acid dragon scale |       |       |       |       |   122 |     6 ||   128
Dodge: Dodged            |    42 |    37 |   165 |   505 |   597 |    22 ||  1368

Table legend: (Time is in decaauts)
 A = Elapsed time spent in this place.
 B = Non-inter-level travel time spent in this place.
 C = Inter-level travel time spent in this place.
 D = Time resting spent in this place.
 E = Time spent auto-exploring this place.
 F = Levels seen in this place.
 G = Mean time per level.
                   A        B        C        D        E       F      G
               +--------+--------+--------+--------+--------+-----+--------+
         Total |  33112 |  31535 |   1577 |   3239 |  23135 |  24 | 1379.7 |
       Dungeon |  17007 |  16189 |    818 |   1482 |  11980 |  12 | 1417.2 |
        Temple |    304 |    245 |     59 |      0 |    244 |   1 |  304.0 |
          Lair |   9710 |   9218 |    492 |    107 |   7725 |   6 | 1618.3 |
  Orcish Mines |   2492 |   2338 |    154 |    557 |   1243 |   2 | 1246.0 |
   Elven Halls |   3140 |   3087 |     53 |    805 |   1882 |   2 | 1570.0 |
      Ice Cave |    457 |    457 |      0 |    288 |     61 |   1 |  457.0 |
               +--------+--------+--------+--------+--------+-----+--------+

Top non-repeatable levels by time:
    D:12: 2842 daAuts
   Elf:1: 2537 daAuts
  Lair:3: 2046 daAuts
  Lair:2: 1995 daAuts
     D:8: 1944 daAuts
   Orc:2: 1849 daAuts
  Lair:6: 1764 daAuts
  Lair:1: 1758 daAuts
     D:9: 1593 daAuts
     D:2: 1575 daAuts
     D:7: 1521 daAuts
    D:11: 1482 daAuts
  Lair:4: 1468 daAuts
     D:1: 1298 daAuts
     D:4: 1276 daAuts
